 Dungeon Crawl Stone Soup version 0.30-a0-632-g346586f (webtiles) character file.

Game seed: 6594296783476134933

56 malesh the Shield-Bearer (level 3, 0/20 HPs)
             Began as a Vine Stalker Fighter on Jan 13, 2023.
             Slain by an orc
             ... wielding a +2 short sword of electrocution
              (16 damage)
             ... on level 4 of the Dungeon.
             The game lasted 00:01:41 (920 turns).

malesh the Shield-Bearer (Vine Stalker Fighter)      Turns: 920, Time: 00:01:41

Health: 0/20       AC:  6    Str: 20    XL:     3   Next: 97%
Magic:  0/4        EV:  9    Int:  8    God:
Gold:   62         SH:  4    Dex: 13    Spells: 2/2 levels left

rFire   . . .      SeeInvis .    a - +0 war axe
rCold   . . .      Faith    .    c - +0 buckler
rNeg    . . .      Spirit   +    b - +0 scale mail
rPois   .          Reflect  .    (no helmet)
rElec   .          Harm     .    (no cloak)
rCorr   .          Rampage  .    (no gloves)
Will    .....                    (no boots) Stlth
                                 (no amulet)
HPRegen 0.23/turn                (no ring)
MPRegen 0.09/turn                (no ring)

@: no status effects
A: fangs 2, magic shield, antimagic bite, no potion heal 2
a: no special abilities


You were on level 4 of the Dungeon.
You visited 1 branch of the dungeon, and saw 3 of its levels.

You collected 62 gold pieces.

Inventory:

Hand Weapons
 a - a +0 war axe (weapon)
Armour
 b - a +0 scale mail (worn)
 c - a +0 buckler (worn)
Wands
 i - a wand of flame (22)
Scrolls
 e - 2 scrolls of teleportation {unknown}
 g - a scroll of enchant weapon {unknown}
 h - a scroll of blinking {unknown}
Potions
 d - a potion of might
 f - a potion of heal wounds {unknown}


   Skills:
 + Level 3.0 Fighting
 * Level 2.6 Axes
 + Level 2.8 Armour
 + Level 3.1 Shields


You had 2 spell levels left.
You didn't know any spells.
Your spell library contained the following spells:

 Spells                   Type           Power      Damage    Failure   Level
 Cigotuvi's Dreadful Rot  Necr/Pois/Air  0%         N/A       94%         2
 Poisonous Vapours        Pois/Air       0%         N/A       94%         2
 Mephitic Cloud           Conj/Pois/Air  0%         N/A       99%         3


Dungeon Overview and Level Annotations

Branches:
Dungeon (4/15)
 Temple: D:4-7

Altars:

Shops:
D:4 *


Innate Abilities, Weirdness & Mutations

You have extremely sharp teeth.
When hurt, damage is shared between your health and your magic reserves.
Your bite disrupts and absorbs the magic of your enemies.
Potions cannot restore your health.


Message History

The hound barely misses you.
You barely miss the hound.
The hound is severely wounded.
The hound closely misses you. The hound bites you but does no damage.
You slash the hound!
You kill the hound!
Your Fighting skill increases to level 3!
Your Shields skill increases to level 3!
You have reached level 3!
Your experience leads to an increase in your attributes!
Increase (S)trength, (I)ntelligence, or (D)exterity?
You feel stronger. x2
There is a stone staircase leading up here.
You start resting.
An orc comes into view. It is wielding a +0 antimagic flail.
An orc is nearby!
The orc shouts!
You hear a shout!
An orc comes into view.
It is wielding a +0 hand axe of freezing.
An orc comes into view.
It is wielding a +2 short sword of electrocution.
You barely miss the orc.
The orc shouts!
You bite the orc. You drain its power.
The orc is severely wounded.
The orc hits you with a +0 antimagic flail.
You feel your power leaking away.
You hit the orc.
You kill the orc!
An orc comes into view. It is wielding a +0 mace.
An orc comes into view. It is wielding a +0 club.
Things that are here:
a +0 antimagic flail; an orc corpse
Found Jahor's Assorted Antiques.
The orc shouts!
You hit the orc. Your bite misses the orc.
The orc is heavily wounded.
You closely miss the orc. The orc hits you but does no damage.
The orc barely misses you. The orc misses you.
The orc hits you but does no damage.
You are electrocuted!!
Ouch! That really hurt!
You die...

.##.....##.....#
#.......##.....# ###
........##.....# ..
........##...<.# ..#
........##.....## ..#
........##......##...#
##..######.....$.#...#
# ...# #..:..#)....+ .
#.. #..####@...## . #.
#... #oo..## #...
...o....#
..PPP..#.....#
.P∩P...o......
.bP...##....... .....
....... #.... .......


You could see 4 orcs.

Vanquished Creatures
  A hound (D:4)
  An adder (D:4)
  An orc (D:4)
  3 ball pythons
  A bat (D:1)
  3 endoplasms
  A goblin (D:1)
  A hobgoblin (D:4)
  A kobold (D:1)
  2 rats (D:1)
15 creatures vanquished.

Notes
Turn   | Place    | Note
-------+----------+-------------------------------------------
     0 | D:1      | malesh the Vine Stalker Fighter began the quest for the
                  | Orb.
     0 | D:1      | Reached XP level 1. HP: 11/11 MP: 2/2
   305 | D:1      | Reached XP level 2. HP: 15/16 MP: 1/3
   832 | D:2      | You fall into a shaft and drop 2 floors!
   906 | D:4      | Reached XP level 3. HP: 16/20 MP: 4/4
   919 | D:4      | Found Jahor's Assorted Antiques.
   920 | D:4      | Slain by an orc

Illustrated notes

Levels and vault maps discovered:
D:1:      dpeg_arrival_renting, layout_loops_cross, nicolae_figureground_sparkle
D:2:      layout_loops_cross
D:4:      layout_rooms, nicolae_tso_carved_into_rock,
          minmay_temple_entry_butterflies, serial_shops,
          nicolae_shop_overgrown_old_shop, nicolae_shop_crystal,
          grunt_decor_mini_mirrors, kennysheep_generic_room_10

Skill      XL: |  1  2 |
---------------+-------+-----
Axes           | 2 |  2.6
Fighting       | 3 |  3.0
Shields        | 3 |  3.1
Armour         | |  2.8

Action                   || total
-------------------------++-------
Melee: War axe           ||    40
       Bite              ||     7
Armor: Scale mail        ||    18
Dodge: Dodged            ||    20
Block: Buckler           ||     7

Table legend: (Time is in decaauts)
 A = Elapsed time spent in this place.
 B = Non-inter-level travel time spent in this place.
 C = Inter-level travel time spent in this place.
 D = Time resting spent in this place.
 E = Time spent auto-exploring this place.
 F = Levels seen in this place.
 G = Mean time per level.
                   A        B        C        D        E       F      G
               +--------+--------+--------+--------+--------+-----+--------+
         Total |    936 |    924 |     12 |      5 |    806 |   3 |  312.0 |
       Dungeon |    936 |    924 |     12 |      5 |    806 |   3 |  312.0 |
               +--------+--------+--------+--------+--------+-----+--------+

Top non-repeatable levels by time:
     D:1: 783 daAuts
     D:4: 94 daAuts
     D:2: 58 daAuts
